 Dungeon Crawl Stone Soup version 0.28-a0-1406-ga8dd43b1d0 (webtiles) character file.

Game seed: 3296741108769240086

11946 IndexError the Summoner (level 11, -2/84 HPs)
             Began as a Gnoll Summoner on Jan 6, 2022.
             Was a Follower of Ashenzari.
             Killed from afar by Maggie (17 damage)
             ... with a bolt of fire
             ... on level 10 of the Dungeon.
             The game lasted 00:38:53 (15002 turns).

IndexError the Summoner (Gnoll Summoner)           Turns: 15002, Time: 00:38:53

Health: -2/84      AC: 11    Str:  8    XL:     11   Next: 85%
Magic:  16/24      EV: 15    Int: 19    God:    Ashenzari [*.....]
Gold:   754        SH:  5    Dex: 12    Spells: 11/28 levels left

rFire   . . .      SeeInvis .   a - +5 scimitar (protect)
rCold   . . .      Faith    .   q - +0 buckler
rNeg    + . .      Spirit   .   n - +2 robe {rN+}
rPois   +          Reflect  .   h - +0 helmet
rElec   .          Harm     .   I - +2 cloak of the Unyielding Gaze {Self, Fort} (curse)
rCorr   .          Rampage  .   D - +1 pair of gloves
Will    .....                   (no boots)
Stlth   ++++......              o - amulet of magic regeneration
HPRegen 0.24/turn               M - ring of poison resistance {rPois, !d}
MPRegen 0.59/turn               z - ring of the Ruined Soothsayer {Slay+4, Cun, Comp} (curse)

@: about to teleport, mesmerised, very slightly contaminated
A: fangs 1, strong nose, distributed training
a: Renounce Religion, Curse Item, Shatter the Chains


You were on level 10 of the Dungeon.
You worshipped Ashenzari.
Ashenzari was aware of your devotion.
You visited 2 branches of the dungeon, and saw 11 of its levels.
You also visited: Sewer and Bailey.

You collected 754 gold pieces.

Inventory:

Hand Weapons
 a - a +5 scimitar of protection (weapon)
   (You found it on level 6 of the Dungeon)
 K - a +1 scimitar of electrocution
   (You found it in a bailey)
Missiles
 t - 2 throwing nets {=f, !d}
 J - 24 javelins (quivered)
 L - 6 curare-tipped darts
Armour
 h - a +0 helmet (worn)
   (You found it on level 9 of the Dungeon)
 n - a +2 robe of positive energy (worn)
   (You found it on level 6 of the Dungeon)
 q - a +0 buckler (worn)
   (You found it on level 4 of the Dungeon)
 D - a +1 pair of gloves (worn)
   (You found it in a sewer)
 I - the cursed +2 cloak of the Unyielding Gaze (worn) {Self, Fort}
   (You found it on level 5 of the Dungeon)

   It has a curse which improves the following skills: Introspection: Fighting
   and Spellcasting.
   Fortitude: Armour and Shields.
Jewellery
 d - a +4 ring of protection
   (You found it on level 8 of the Dungeon)
 o - an amulet of magic regeneration (around neck)
   (You found it on level 3 of the Dungeon)
 y - a ring of resist corrosion
   (You found it on level 9 of the Dungeon)
 z - the cursed ring of the Ruined Soothsayer (right hand) {Slay+4, Cun, Comp}
   (You found it on level 6 of the Dungeon)

   [ring of slaying]

   Slay:      It affects your accuracy & damage with ranged weapons and melee
   (+4).
   It has a curse which improves the following skills: Cunning: Dodging and
   Stealth.
   Companions: Summonings and Necromancy.
 M - a ring of poison resistance (left hand) {rPois, !d}
   (You found it on level 7 of the Dungeon)
Wands
 c - a wand of mindburst (25)
   (You took it off an orc on level 8 of the Dungeon)
 k - a wand of polymorph (17)
   (You found it on level 6 of the Dungeon)
Scrolls
 i - 3 scrolls of blinking {!r}
 j - 3 scrolls of magic mapping {!r}
 p - 2 scrolls of teleportation
 r - 2 scrolls of vulnerability {!r!r}
 v - 2 scrolls of summoning
 w - 2 scrolls of brand weapon
 x - a scroll of amnesia
 B - 4 scrolls of fear
 C - 3 scrolls of silence
 E - 2 scrolls of fog
 F - 6 scrolls of enchant weapon
 G - 4 scrolls of immolation {!r}
Potions
 b - 8 potions of flight
 e - 2 potions of magic
 f - 4 potions of curing
 g - a potion of invisibility
 l - 3 potions of heal wounds
 m - 3 potions of attraction {!q}
 s - a potion of resistance
 u - 4 potions of brilliance


   Skills:
 + Level 6.7(7.5) Fighting
 + Level 6.7 Short Blades
 + Level 6.7 Long Blades
 + Level 6.7 Axes
 + Level 6.7 Maces & Flails
 + Level 6.7 Polearms
 + Level 6.7 Staves
 + Level 6.7 Slings
 + Level 6.7 Bows
 + Level 6.7 Crossbows
 + Level 6.7 Throwing
 + Level 6.7(7.5) Armour
 + Level 8.2(9.1) Dodging
 + Level 8.0(8.9) Stealth
 + Level 6.7(7.5) Shields
 + Level 6.7 Unarmed Combat
 + Level 8.4(9.3) Spellcasting
 + Level 5.5 Conjurations
 + Level 5.5 Hexes
 + Level 9.1(10.0) Summonings
 + Level 5.5(6.4) Necromancy
 + Level 5.5 Translocations
 + Level 5.5 Transmutations
 + Level 5.5 Fire Magic
 + Level 5.5 Ice Magic
 + Level 5.5 Air Magic
 + Level 5.5 Earth Magic
 + Level 5.5 Poison Magic
 + Level 7.3 Invocations
 + Level 6.7 Evocations


You had 11 spell levels left.
You knew the following spells:

 Your Spells              Type           Power      Damage    Failure   Level
a - Summon Small Mammal   Summ           100%       N/A       1%          1
b - Call Canine Familiar  Summ           46%        N/A       1%          3
c - Call Imp              Summ           46%        N/A       1%          2
d - Summon Guardian Gole  Hex/Summ       38%        N/A       1%          3
e - Foxfire               Conj/Fire      100%       2x1d9     1%          1
f - Summon Lightning Spi  Summ/Air       38%        N/A       4%          4
A - Ozocubu's Armour      Ice            29%        N/A       3%          3

Your spell library contained the following spells:

 Spells                   Type           Power      Damage    Failure   Level
 Shock                    Conj/Air       100%       1d9       1%          1
 Conjure Flame            Conj/Fire      29%        6-21      3%          3
 Gell's Gravitas          Tloc           29%        N/A       3%          3
 Inner Flame              Hex/Fire       29%        N/A       3%          3
 Swiftness                Air            29%        N/A       3%          3
 Teleport Other           Tloc           29%        N/A       3%          3
 Airstrike                Air            14%        N/A       10%         4
 Flame Wave               Conj/Fire      29%        2d6       10%         4
 Fireball                 Conj/Fire      14%        3d8       28%         5
 Metabolic Englaciation   Hex/Ice        14%        N/A       28%         5
 Simulacrum               Ice/Necr       15%        N/A       78%         6
 Dispersal                Tloc           14%        N/A       83%         6
 Starburst                Conj/Fire      14%        6d6       83%         6
 Ignition                 Fire           14%        3d6       100%        8


Dungeon Overview and Level Annotations

Branches:
Dungeon (10/15)            Temple (1/1) D:6           Sewer (visited)
 Bailey (visited)
   Lair: D:8-11         Orc: D:9-12

Altars:
Ashenzari
Cheibriados
Dithmenos
Elyvilon
Fedhas
Gozag
Hepliaklqana
Kikubaaqudgha
Makhleb
Nemelex Xobeh
Okawaru
Qazlal
Ru
Sif Muna
Trog
Uskayaw
Vehumet
Wu Jian
Xom
Yredelemnul
Zin
The Shining One
Lugonu

Portals:
Abyss: D:5

Annotations:
D:10 Maggie


Innate Abilities, Weirdness & Mutations

You have very sharp teeth.
Your uncanny sense of smell can sniff out nearby items.
Your experience applies equally to all skills.


Message History

Your weapon exudes an aura of protection.
You block the black bear's attack. x3
You hit the black bear.
Maggie mumbles some strange words.
Maggie attempts to bespell you!
You are mesmerised by Maggie!
The black bear goes berserk!
Maggie hits you from afar with a +0 glaive!
You take 16 damage, and have 68/84 hp.
You slash the black bear! You block Maggie's attack.
You cannot move away from Maggie!
You cannot move away from Maggie!
You cannot move away from Maggie!
Casting: Summon Lightning Spire (dangerous; 4% risk of failure)
Confirm with . or Enter, or press ? or * to list all spells.
You miscast Summon Lightning Spire.
You are very lightly contaminated with residual magic.
Nothing appears to happen.
Maggie barely misses you.
You now have 20/24 mp.
Casting: Summon Lightning Spire (dangerous; 4% risk of failure)
Confirm with . or Enter, or press ? or * to list all spells.
An electric hum fills the air.
Maggie mumbles some strange words.
Maggie draws you further into her thrall.
You now have 17/24 mp.
You block Maggie's attack. Maggie closely misses you.
Casting: Summon Lightning Spire (dangerous; 4% risk of failure)
Confirm with . or Enter, or press ? or * to list all spells.
A guardian golem appears, shielding your allies.
Maggie gestures wildly while chanting.
Maggie draws you further into her thrall.
You now have 16/24 mp.
Casting: Summon Guardian Golem (safe; 1% risk of failure)
Confirm with . or Enter, or press ? or * to list all spells.
Maggie hits you from afar with a +0 glaive.
You take 4 damage, and have 66/84 hp.
You now have 13/24 mp.
Casting: Call Canine Familiar (safe; 1% risk of failure)
Confirm with . or Enter, or press ? or * to list all spells.
A beastly little devil appears in a puff of flame.
Maggie gestures wildly while chanting.
Maggie draws you further into her thrall.
You now have 12/24 mp.
What are your orders? t - Bark!
Orders for allies: a - Attack new target. r - Retreat! s - Stop attacking. g - Guard the area. f - Follow me.
Anything else - Cancel.
Gang up on whom?
Press: ? - help, Dir - move target, f - Maggie
Aim: Maggie, wielding a +0 glaive and wearing +0 acid dragon scales (mesmerising, ally target) Attack!
You block Maggie's attack.
Your crimson imp hits Maggie.
Unknown command.
Maggie hits you from afar with a +0 glaive!
Your crimson imp hits Maggie but does no damage.
You take 16 damage, and have 51/84 hp.
You block Maggie's attack.
Your crimson imp hits Maggie but does no damage.
Your magical contamination has completely faded away.
Maggie hits you from afar with a +0 glaive!
Your crimson imp closely misses Maggie.
You take 16 damage, and have 35/84 hp.
Maggie gestures at you while chanting. The bolt of fire hits your crimson imp.
Your crimson imp completely resists.
The bolt of fire hits you!
* * * LOW HITPOINT WARNING * * *
Your crimson imp hits Maggie but does no damage.
You take 15 damage, and have 20/84 hp.
Maggie casts a spell.
Maggie draws you further into her thrall.
Your crimson imp hits Maggie but does no damage.
Okay, then.
As you read the scroll of teleportation, it crumbles to dust.
You feel strangely unstable. You block Maggie's attack.
Your crimson imp hits Maggie but does no damage.
Maggie closely misses you.
Your crimson imp barely misses Maggie.
Maggie closely misses you.
Your crimson imp blinks!
Maggie hits you from afar with a +0 glaive!
* * * LOW HITPOINT WARNING * * *
You take 6 damage, and have 15/84 hp.
Your surroundings suddenly seem different.
Your wolf barely misses Maggie.
Your wolf bites Maggie!
Maggie says, "Fear not.
I will immortalize you in the tale of my first kill."
As you read the scroll of teleportation, it crumbles to dust.
You feel strangely unstable.
Your wolf bites Maggie but does no damage.
Maggie casts a spell at you. The bolt of fire misses you.
Casting: Call Imp (safe; 1% risk of failure)
Confirm with . or Enter, or press ? or * to list all spells.
You miscast Summon Lightning Spire.
You are very lightly contaminated with residual magic.
Nothing appears to happen.
Your wolf bites Maggie but does no damage.
Maggie casts a spell at you. The bolt of fire hits you!
You die...

##........8......
...PP5..#.####...
P.......#<#
PPPP......#
P.....9h####
.P.....@...#
####P......# #+##
∆ #...P...#
##...# #@..P...#
##..... #.P.....#
##...... ∆
.PPP....#
#.......
...P......
+.......
PP..P....##
#..<....
....P.....#
##!.....
......#.####
##.....
###.####.# ##...#
#+##


You could see Maggie (mesmerising, ally target), a friendly guardian golem
(summoned), a friendly wolf (summoned, sheltered) and a friendly crimson imp
(summoned, sheltered).

Vanquished Creatures
  A hornet (D:9)
  A troll (D:9)
  11 yaks
  A steam dragon (D:8)
  5 orc warriors
  2 black bears
  4 necrophages
  2 ice beasts (D:7)
  6 centaurs
  An ogre (D:5)
  A phantom (D:4)
  A kobold brigand (D:7)
  5 bullfrogs
  A gnoll sergeant (D:8)
  3 scorpions
  A water moccasin skeleton (D:5)
  14 killer bees
  A howler monkey (D:7)
  A nameless horror (D:8)
  2 electric eels (D:7)
  2 centaur zombies
  3 orc priests
  2 hounds (D:7)
  Terence (D:2)
  A centaur skeleton (D:7)
  6 iguanas
  4 orc wizards
  A killer bee zombie (D:8)
  3 river rats (Sewer)
  10 adders
  An adder skeleton (D:4)
  A dart slug (D:4)
  30 orcs
  2 ball pythons (Sewer)
  6 endoplasms
  2 giant cockroaches
  9 goblins
  4 hobgoblins
  6 jackals
  A quokka (D:3)
  7 bats
  4 frilled lizards
  3 kobolds
  5 rats
178 creatures vanquished.

Vanquished Creatures (collateral kills)
  A two-headed ogre (D:7)
  2 yaks
  Menkaure (D:4)
  A steam dragon (D:7)
  3 black bears
  10 orc warriors
  A sky beast (D:5)
  A necrophage (D:6)
  6 centaurs
  A phantom (D:4)
  A bullfrog (D:8)
  The ghost of Deminshera the Caller, a weakling OgSu (D:3)
  5 killer bees
  4 wights (D:7)
  3 howler monkeys
  2 hounds
  4 jellies
  2 orc priests
  3 orc wizards (D:5)
  8 adders
  6 gnolls
  A shadow imp (D:5)
  2 white imps
  4 worms
  2 dart slugs
  24 orcs
  5 ball pythons
  4 bats (Sewer)
  6 endoplasms
  4 goblins
  5 hobgoblins
  A jackal (D:4)
  A quokka (D:3)
  3 frilled lizards
  6 kobolds
  A rat (D:2)
135 creatures vanquished.

Vanquished Creatures (others)
  Prince Ribbit (D:5)
  2 yaks (D:9)
  Edmund (D:5)
  5 orc warriors
  A necrophage (D:6)
  An ogre (D:6)
  3 wights (D:6)
  An orc priest (D:8)
  4 orc wizards
  2 orcs (Bailey)
  223 foxfires
  A fungus (D:10)
  A lurking horror (D:5)
  A plant (D:10)
247 creatures vanquished.

Grand Total: 560 creatures vanquished

Notes
Turn   | Place    | Note
-------+----------+-------------------------------------------
     0 | D:1      | IndexError the Gnoll Summoner began the quest for the Orb.
     0 | D:1      | Reached XP level 1. HP: 13/13 MP: 6/6
   211 | D:1      | Reached XP level 2. HP: 19/19 MP: 7/7
  1379 | D:2      | Reached skill level 5 in Spellcasting
  1379 | D:2      | Reached XP level 3. HP: 25/25 MP: 5/9
  1386 | D:2      | Learned a level 2 spell: Call Imp
  1390 | D:2      | Learned a level 3 spell: Call Canine Familiar
  1394 | D:2      | Learned a level 3 spell: Summon Guardian Golem
  1424 | D:2      | Reached skill level 1 in Invocations
  1576 | D:2      | Noticed Terence
  1599 | D:2      | Killed Terence
  1600 | D:2      | Reached skill level 1 in Fighting
  1600 | D:2      | Reached skill level 1 in Short Blades
  1600 | D:2      | Reached skill level 1 in Long Blades
  1600 | D:2      | Reached skill level 1 in Axes
  1600 | D:2      | Reached skill level 1 in Maces & Flails
  1600 | D:2      | Reached skill level 1 in Polearms
  1600 | D:2      | Reached skill level 1 in Staves
  1600 | D:2      | Reached skill level 1 in Slings
  1600 | D:2      | Reached skill level 1 in Bows
  1600 | D:2      | Reached skill level 1 in Crossbows
  1600 | D:2      | Reached skill level 1 in Throwing
  1600 | D:2      | Reached skill level 1 in Armour
  1600 | D:2      | Reached skill level 1 in Shields
  1600 | D:2      | Reached skill level 1 in Unarmed Combat
  1600 | D:2      | Reached skill level 1 in Evocations
  1600 | D:2      | Reached XP level 4. HP: 32/32 MP: 7/11
  1739 | D:2      | Found a faded altar of an unknown god.
  2123 | D:2      | Reached skill level 1 in Conjurations
  2123 | D:2      | Reached skill level 1 in Hexes
  2123 | D:2      | Reached skill level 1 in Necromancy
  2123 | D:2      | Reached skill level 1 in Translocations
  2123 | D:2      | Reached skill level 1 in Transmutations
  2123 | D:2      | Reached skill level 1 in Fire Magic
  2123 | D:2      | Reached skill level 1 in Ice Magic
  2123 | D:2      | Reached skill level 1 in Air Magic
  2123 | D:2      | Reached skill level 1 in Earth Magic
  2123 | D:2      | Reached skill level 1 in Poison Magic
  2503 | D:2      | Reached XP level 5. HP: 37/37 MP: 12/12
  2747 | D:3      | Found a runed translucent door.
  2747 | D:3      | Noticed Deminshera's ghost (weakling OgSu)
  3263 | D:3      | Noticed a black bear
  3421 | D:3      | Killed a black bear
  3422 | D:3      | Reached skill level 2 in Invocations
  3422 | D:3      | Reached XP level 6. HP: 44/44 MP: 6/13
  4017 | D:3      | Killed Deminshera's ghost
  4096 | D:4      | Reached skill level 2 in Fighting
  4096 | D:4      | Reached skill level 2 in Short Blades
  4096 | D:4      | Reached skill level 2 in Long Blades
  4096 | D:4      | Reached skill level 2 in Axes
  4096 | D:4      | Reached skill level 2 in Maces & Flails
  4096 | D:4      | Reached skill level 2 in Polearms
  4096 | D:4      | Reached skill level 2 in Staves
  4096 | D:4      | Reached skill level 2 in Slings
  4096 | D:4      | Reached skill level 2 in Bows
  4096 | D:4      | Reached skill level 2 in Crossbows
  4096 | D:4      | Reached skill level 2 in Throwing
  4096 | D:4      | Reached skill level 2 in Armour
  4096 | D:4      | Reached skill level 5 in Dodging
  4096 | D:4      | Reached skill level 2 in Shields
  4096 | D:4      | Reached skill level 2 in Unarmed Combat
  4096 | D:4      | Reached skill level 2 in Evocations
  4251 | D:4      | You fall into a shaft and drop 2 floors!
  4260 | D:6      | Found an opulent altar of Gozag.
  4261 | D:6      | Noticed a necrophage
  4467 | D:6      | Killed a necrophage
  4540 | D:6      | Found a staircase to the Ecumenical Temple.
  4557 | D:6      | Reached XP level 7. HP: 50/50 MP: 13/15
  4582 | D:6      | Reached skill level 2 in Conjurations
  4582 | D:6      | Reached skill level 2 in Hexes
  4582 | D:6      | Reached skill level 2 in Necromancy
  4582 | D:6      | Reached skill level 2 in Translocations
  4582 | D:6      | Reached skill level 2 in Transmutations
  4582 | D:6      | Reached skill level 2 in Fire Magic
  4582 | D:6      | Reached skill level 2 in Ice Magic
  4582 | D:6      | Reached skill level 2 in Air Magic
  4582 | D:6      | Reached skill level 2 in Earth Magic
  4582 | D:6      | Reached skill level 2 in Poison Magic
  4592 | D:6      | Reached skill level 5 in Stealth
  4593 | D:6      | Reached skill level 3 in Invocations
  4671 | D:6      | Identified the +1 robe "Ykerampuywk" {Dex+2}
  4728 | D:6      | Learned a level 1 spell: Foxfire
  4733 | Temple   | Entered the Ecumenical Temple
  4995 | Temple   | Became a worshipper of Ashenzari the Shackled
  5062 | D:5      | Entered Level 5 of the Dungeon
  5069 | D:5      | Reached XP level 8. HP: 44/57 MP: 10/16
  5180 | D:5      | Reached skill level 3 in Fighting
  5180 | D:5      | Reached skill level 3 in Short Blades
  5180 | D:5      | Reached skill level 3 in Long Blades
  5180 | D:5      | Reached skill level 3 in Axes
  5180 | D:5      | Reached skill level 3 in Maces & Flails
  5180 | D:5      | Reached skill level 3 in Polearms
  5180 | D:5      | Reached skill level 3 in Staves
  5180 | D:5      | Reached skill level 3 in Slings
  5180 | D:5      | Reached skill level 3 in Bows
  5180 | D:5      | Reached skill level 3 in Crossbows
  5180 | D:5      | Reached skill level 3 in Throwing
  5180 | D:5      | Reached skill level 3 in Armour
  5180 | D:5      | Reached skill level 3 in Shields
  5180 | D:5      | Reached skill level 3 in Unarmed Combat
  5180 | D:5      | Reached skill level 3 in Evocations
  5195 | D:5      | Reached skill level 6 in Spellcasting
  5323 | D:5      | Found a glowing drain.
  5332 | Sewer    | Entered a sewer
  6146 | D:4      | Noticed Menkaure
  6217 | D:4      | Killed Menkaure
  6424 | D:4      | Reached skill level 4 in Invocations
  6435 | D:4      | Reached skill level 3 in Conjurations
  6435 | D:4      | Reached skill level 3 in Hexes
  6435 | D:4      | Reached skill level 3 in Necromancy
  6435 | D:4      | Reached skill level 3 in Translocations
  6435 | D:4      | Reached skill level 3 in Transmutations
  6435 | D:4      | Reached skill level 3 in Fire Magic
  6435 | D:4      | Reached skill level 3 in Ice Magic
  6435 | D:4      | Reached skill level 3 in Air Magic
  6435 | D:4      | Reached skill level 3 in Earth Magic
  6435 | D:4      | Reached skill level 3 in Poison Magic
  6490 | D:4      | Reached skill level 6 in Dodging
  6534 | D:4      | Reached XP level 9. HP: 49/65 MP: 4/18
  6911 | D:5      | Reached skill level 4 in Fighting
  6911 | D:5      | Reached skill level 4 in Short Blades
  6911 | D:5      | Reached skill level 4 in Long Blades
  6911 | D:5      | Reached skill level 4 in Axes
  6911 | D:5      | Reached skill level 4 in Maces & Flails
  6911 | D:5      | Reached skill level 4 in Polearms
  6911 | D:5      | Reached skill level 4 in Staves
  6911 | D:5      | Reached skill level 4 in Slings
  6911 | D:5      | Reached skill level 4 in Bows
  6911 | D:5      | Reached skill level 4 in Crossbows
  6911 | D:5      | Reached skill level 4 in Throwing
  6911 | D:5      | Reached skill level 4 in Armour
  6911 | D:5      | Reached skill level 4 in Shields
  6911 | D:5      | Reached skill level 4 in Unarmed Combat
  6911 | D:5      | Reached skill level 4 in Evocations
  7048 | D:5      | HP: 16/65 [something (4)]
  7075 | D:5      | HP: 16/65 [sky beast (4)]
  7514 | D:5      | Found a corrupted altar of Lugonu.
  7516 | D:5      | Found a one-way gate to the infinite horrors of the Abyss.
  7725 | D:5      | Reached skill level 6 in Stealth
  7725 | D:5      | Reached skill level 8 in Summonings
  7928 | D:5      | Noticed Edmund
  7953 | D:5      | Killed Edmund
  8128 | D:6      | Noticed Prince Ribbit
  8142 | D:5      | Killed Prince Ribbit
  8154 | D:5      | HP: 8/66 [centaur/arrow (10)]
  8788 | D:7      | Found a flagged portal.
  8791 | D:7      | Noticed a two-headed ogre
  8807 | D:7      | Killed a two-headed ogre
  8808 | D:7      | Reached skill level 7 in Spellcasting
  8808 | D:7      | Reached skill level 5 in Invocations
  8839 | D:7      | Reached XP level 10. HP: 73/73 MP: 6/20
  8843 | D:7      | Reached skill level 4 in Conjurations
  8843 | D:7      | Reached skill level 4 in Hexes
  8843 | D:7      | Reached skill level 4 in Necromancy
  8843 | D:7      | Reached skill level 4 in Translocations
  8843 | D:7      | Reached skill level 4 in Transmutations
  8843 | D:7      | Reached skill level 4 in Fire Magic
  8843 | D:7      | Reached skill level 4 in Ice Magic
  8843 | D:7      | Reached skill level 4 in Air Magic
  8843 | D:7      | Reached skill level 4 in Earth Magic
  8843 | D:7      | Reached skill level 4 in Poison Magic
  8874 | Bailey   | Entered a bailey
  9257 | Bailey   | Reached skill level 5 in Fighting
  9257 | Bailey   | Reached skill level 5 in Short Blades
  9257 | Bailey   | Reached skill level 5 in Long Blades
  9257 | Bailey   | Reached skill level 5 in Axes
  9257 | Bailey   | Reached skill level 5 in Maces & Flails
  9257 | Bailey   | Reached skill level 5 in Polearms
  9257 | Bailey   | Reached skill level 5 in Staves
  9257 | Bailey   | Reached skill level 5 in Slings
  9257 | Bailey   | Reached skill level 5 in Bows
  9257 | Bailey   | Reached skill level 5 in Crossbows
  9257 | Bailey   | Reached skill level 5 in Throwing
  9257 | Bailey   | Reached skill level 5 in Armour
  9257 | Bailey   | Reached skill level 5 in Shields
  9257 | Bailey   | Reached skill level 5 in Unarmed Combat
  9257 | Bailey   | Reached skill level 5 in Evocations
  9503 | Bailey   | Reached skill level 7 in Dodging
 10153 | Bailey   | Learned a level 4 spell: Summon Lightning Spire
 10335 | Bailey   | Reached skill level 6 in Invocations
 10622 | D:7      | Reached skill level 7 in Stealth
 11915 | D:7      | Reached * piety under Ashenzari
 11915 | D:7      | Identified a scroll of acquirement
 12081 | D:8      | Acquired the ring "Nocyent" {rElec rN+ rCorr}
 12159 | D:8      | Reached XP level 11. HP: 73/83 MP: 23/23
 12176 | D:8      | Reached skill level 6 in Fighting
 12176 | D:8      | Reached skill level 6 in Short Blades
 12176 | D:8      | Reached skill level 6 in Long Blades
 12176 | D:8      | Reached skill level 6 in Axes
 12176 | D:8      | Reached skill level 6 in Maces & Flails
 12176 | D:8      | Reached skill level 6 in Polearms
 12176 | D:8      | Reached skill level 6 in Staves
 12176 | D:8      | Reached skill level 6 in Slings
 12176 | D:8      | Reached skill level 6 in Bows
 12176 | D:8      | Reached skill level 6 in Crossbows
 12176 | D:8      | Reached skill level 6 in Throwing
 12176 | D:8      | Reached skill level 6 in Armour
 12176 | D:8      | Reached skill level 6 in Shields
 12176 | D:8      | Reached skill level 6 in Unarmed Combat
 12176 | D:8      | Reached skill level 6 in Evocations
 12232 | D:8      | Reached skill level 5 in Conjurations
 12232 | D:8      | Reached skill level 5 in Hexes
 12232 | D:8      | Reached skill level 5 in Necromancy
 12232 | D:8      | Reached skill level 5 in Translocations
 12232 | D:8      | Reached skill level 5 in Transmutations
 12232 | D:8      | Reached skill level 5 in Fire Magic
 12232 | D:8      | Reached skill level 5 in Ice Magic
 12232 | D:8      | Reached skill level 5 in Air Magic
 12232 | D:8      | Reached skill level 5 in Earth Magic
 12232 | D:8      | Reached skill level 5 in Poison Magic
 12483 | D:8      | Reached skill level 8 in Spellcasting
 12723 | D:8      | Learned a level 3 spell: Ozocubu's Armour
 13778 | D:9      | Reached skill level 9 in Summonings
 13778 | D:9      | Reached skill level 7 in Invocations
 13959 | D:9      | Reached skill level 8 in Dodging
 14638 | D:10     | Entered Level 10 of the Dungeon
 14731 | D:10     | Noticed Maggie
 14944 | D:9      | Reached skill level 8 in Stealth
 14994 | D:10     | HP: 20/84 [Maggie/bolt of fire (15)]
 14999 | D:10     | HP: 15/84 [Maggie (7)]
 15002 | D:10     | Killed from afar by Maggie

Illustrated notes

Levels and vault maps discovered:
D:1:      wheals_arrival_shading, layout_loops_ring, grunt_decor_arrowhead
D:2:      minmay_angry_zag, layout_loops_ring,
          shapermc_ecumenical_altar_pompeii, uniq_terence
D:3:      layout_basic, hellmonk_ghost_happy_afterlife,
          minmay_fractal_squares_diagonal_5
D:4:      layout_basic, uniq_menkaure
D:5:      layout_gridville, portal_sewer_entry_d,
          amcnicky_altar_lugonu_corruption, uniq_edmund
D:6:      layout_rooms, grunt_gozag_breadcrumbs, minmay_temple_entry_offerings,
          ebering_dispersal_statue_hall, uniq_prince_ribbit1
D:7:      layout_basic, enter_bailey_5, kennysheep_diamond
D:8:      layout_basic, dk_noncrumbling_3, minmay_hedge_maze, grunt_potential
D:9:      layout_basic
D:10:     layout_loops_corners, grunt_lair_entry_orc_guard_hut,
          hiddenorc2_lemuel, serial_shops, kennysheep_mini_moat, uniq_urug,
          uniq_maggie, uniq_maurice
Temple:   nicolae_temple_the_god_donut

Skill      XL: |  1  2  3  4  5  6  7  8  9 10 11 |
---------------+----------------------------------+-----
Spellcasting   | 5 6 7 8 |  8.4
Invocations    | 1 2 3 4 5 6 7 |  7.3
Fighting       | 1 2 3 4 5 6 |  6.7
Short Blades   | 1 2 3 4 5 6 |  6.7
Long Blades    | 1 2 3 4 5 6 |  6.7
Axes           | 1 2 3 4 5 6 |  6.7
Maces & Flails | 1 2 3 4 5 6 |  6.7
Polearms       | 1 2 3 4 5 6 |  6.7
Staves         | 1 2 3 4 5 6 |  6.7
Slings         | 1 2 3 4 5 6 |  6.7
Bows           | 1 2 3 4 5 6 |  6.7
Crossbows      | 1 2 3 4 5 6 |  6.7
Throwing       | 1 2 3 4 5 6 |  6.7
Armour         | 1 2 3 4 5 6 |  6.7
Shields        | 1 2 3 4 5 6 |  6.7
Unarmed Combat | 1 2 3 4 5 6 |  6.7
Evocations     | 1 2 3 4 5 6 |  6.7
Conjurations   | 1 2 3 4 5 |  5.5
Hexes          | 1 2 3 4 5 |  5.5
Necromancy     | 1 2 3 4 5 |  5.5
Translocations | 1 2 3 4 5 |  5.5
Transmutations | 1 2 3 4 5 |  5.5
Fire Magic     | 1 2 3 4 5 |  5.5
Ice Magic      | 1 2 3 4 5 |  5.5
Air Magic      | 1 2 3 4 5 |  5.5
Earth Magic    | 1 2 3 4 5 |  5.5
Poison Magic   | 1 2 3 4 5 |  5.5
Dodging        | 5 6 7 8 |  8.2
Stealth        | 5 6 7 8 |  8.0
Summonings     | 8 9 |  9.1

Action                   |  1- 3 |  4- 6 |  7- 9 | 10-12 || total
-------------------------+-------+-------+-------+-------++-------
Melee: Dagger            |    46 |    70 |       |       ||   116
       Unarmed           |     3 |       |       |       ||     3
       Bite              |     4 |    16 |    14 |    26 ||    60
       Punch             |     1 |     1 |       |       ||     2
       Short sword       |       |    47 |     7 |       ||    54
       Scimitar          |       |       |   133 |   257 ||   390
 Cast: Summon Small Mamm |    25 |    27 |    31 |     9 ||    92
       Call Canine Famil |     1 |    14 |    25 |    12 ||    52
       Call Imp          |       |     9 |    22 |    12 ||    43
       Summon Guardian G |       |     3 |    17 |    16 ||    36
       Foxfire           |       |       |     5 |   115 ||   120
       Summon Lightning  |       |       |       |    31 ||    31
       Ozocubu's Armour  |       |       |       |     1 ||     1
Invok: Curse Item        |       |       |       |     2 ||     2
  Use: Scroll            |       |       |       |     5 ||     5
 Stab: Sleeping          |     5 |     4 |     3 |     3 ||    15
       Distracted        |     1 |     2 |     1 |     3 ||     7
Armor: Robe              |     3 |    34 |    35 |   132 ||   204
Dodge: Dodged            |    46 |    95 |   176 |   290 ||   607
Block: Buckler           |       |       |    23 |   117 ||   140

Table legend: (Time is in decaauts)
 A = Elapsed time spent in this place.
 B = Non-inter-level travel time spent in this place.
 C = Inter-level travel time spent in this place.
 D = Time resting spent in this place.
 E = Time spent auto-exploring this place.
 F = Levels seen in this place.
 G = Mean time per level.
                   A        B        C        D        E       F      G
               +--------+--------+--------+--------+--------+-----+--------+
         Total |  15251 |  14390 |    861 |    360 |  10292 |  13 | 1173.2 |
       Dungeon |  12303 |  11487 |    816 |    231 |   8424 |  10 | 1230.3 |
        Temple |    281 |    236 |     45 |      0 |    217 |   1 |  281.0 |
         Sewer |    916 |    916 |      0 |      0 |    702 |   1 |  916.0 |
        Bailey |   1748 |   1748 |      0 |    129 |    948 |   1 | 1748.0 |
               +--------+--------+--------+--------+--------+-----+--------+

Top non-repeatable levels by time:
  Bailey: 1748 daAuts
     D:2: 1594 daAuts
     D:7: 1567 daAuts
     D:8: 1542 daAuts
     D:3: 1526 daAuts
     D:4: 1430 daAuts
     D:9: 1345 daAuts
     D:5: 1328 daAuts
     D:1: 1082 daAuts
   Sewer: 916 daAuts
     D:6: 809 daAuts
  Temple: 281 daAuts
    D:10: 76 daAuts

Table legend:
 A = Kills in this place as a percentage of kills in entire the game.
 B = Kills by you in this place as a percentage of kills by you in the entire game.
 C = Kills by friends in this place as a percentage of kills by friends in the entire game.
 D = Other kills in this place as a percentage of other kills in the entire game.
 E = Experience gained in this place as a percentage of experience gained in the entire game.
 F = Experience gained in this place divided by the number of levels of this place that you have seen.
                   A       B       C       D       E      F
               +-------+-------+-------+-------+-------+----------------------
         Total | 100.0 | 100.0 | 100.0 | 100.0 | 100.0 | 1312.8
       Dungeon |  79.7 |  81.4 |  78.5 |  72.2 |  82.7 | 1411.5
         Sewer |   7.9 |   8.5 |   8.1 |   0.0 |   1.1 | 181.0
        Bailey |  12.4 |  10.2 |  13.3 |  27.8 |  16.2 | 2770.0
               +-------+-------+-------+-------+-------+----------------------
